 Dungeon Crawl Stone Soup version 0.30-a0-613-gdd512c7efb (webtiles) character file.

Game seed: 17220234442334830640

166757 brightshaft the Warrior (level 17, -2/169 HPs)
             Began as a Minotaur Berserker on Jan 8, 2023.
             Was an Elder of Trog.
             Killed from afar by a will-o-the-wisp (19 damage)
             ... with a foxfire
             ... on level 3 of the Swamp on Jan 9, 2023.
             The game lasted 00:58:46 (27045 turns).

brightshaft the Warrior (Minotaur Berserker)       Turns: 27045, Time: 00:58:47

Health: -2/169     AC: 19    Str: 35      XL:     17   Next: 30%
Magic:  16/16      EV: 32    Int:  3 (4)  God:    Trog [****..]
Gold:   2332       SH: 18    Dex:  9      Spells: 16/16 levels left

rFire   . . .      SeeInvis .    a - +8 broad axe (venom)
rCold   . . .      Faith    .    j - +1 tower shield {rN+}
rNeg    + . .      Spirit   .    E - +4 chain mail {rPois}
rPois   +          Reflect  .    (helmet restricted)
rElec   .          Harm     .    U - +0 cloak "Feqiost" {Str+4}
rCorr   .          Rampage  .    w - +2 pair of gloves
Will    +++..                    h - +2 pair of boots Stlth
                                 D - amulet of the acrobat
HPRegen 1.48/turn                o - +4 ring of slaying
MPRegen 0.15/turn                v - +5 ring of evasion

@: strong-willed, corroded, acrobatic, regenerating, studying 2 skills
A: horns 2, retaliatory headbutt
a: Renounce Religion, Berserk, Trog's Hand, Brothers in Arms


You were on level 3 of the Swamp.
You worshipped Trog.
Trog was greatly pleased with you.
You visited 6 branches of the dungeon, and saw 28 of its levels.
You visited the Abyss 1 time.
You also visited: Volcano.

You collected 3358 gold pieces.
You spent 1026 gold pieces at shops.

Inventory:

Hand Weapons
 a - a +8 broad axe of venom (weapon)
 b - a +1 hand axe of flaming
 M - the +10 hand axe of Dissolution {freeze, *Corrode Str+5}
   (You bought it in a shop on level 6 of the Dungeon)

   Str:       It affects your strength (+5).
   *Corrode:  It may corrode you when you take damage.
Missiles
 k - 16 boomerangs
Armour
 h - a +2 pair of boots (worn)
 j - a +1 tower shield of positive energy (worn)
 m - a +0 kite shield
 w - a +2 pair of gloves (worn)
 E - a +4 chain mail of poison resistance (worn)
 I - a scarf of resistance
 Q - a scarf of repulsion
 U - the +0 cloak "Feqiost" (worn) {Str+4}
   (You found it on level 11 of the Dungeon)

   Str:       It affects your strength (+4).
 W - a +2 plate armour of cold resistance
Jewellery
 e - a ring of resist corrosion
 o - a +4 ring of slaying (left hand)
 v - a +5 ring of evasion (right hand)
 x - a ring of protection from cold
 C - a ring of see invisible
 D - an amulet of the acrobat (around neck)
 F - a ring of willpower
 O - a ring of protection from cold
 R - a ring of protection from fire
Wands
 f - a wand of mindburst (16) {@v3}
 i - a wand of flame (32) (quivered) {@v2}
 p - a wand of roots (12)
 u - a wand of digging (3)
 G - a wand of light (4)
 P - a wand of charming (25)
 V - a wand of polymorph (13)
Scrolls
 l - a scroll of blinking
 n - 24 scrolls of teleportation {@r4}
 q - 3 scrolls of fog
 t - a scroll of butterflies
 y - a scroll of enchant armour
 H - 4 scrolls of fear
 K - a scroll of poison
 S - 12 scrolls of identify {@r1}
Potions
 c - a potion of invisibility
 d - 3 potions of heal wounds {@q2}
 g - 7 potions of mutation
 r - 5 potions of cancellation
 s - 14 potions of curing {@q1}
 z - 3 potions of haste {@q3}
 A - 3 potions of ambrosia
 B - 2 potions of lignification
 J - 5 potions of might
 N - 2 potions of resistance
 Z - 2 potions of flight
Miscellaneous
 L - a phial of floods
 X - a condenser vane
 Y - a tin of tremorstones (2/2)


   Skills:
 + Level 19.7 Fighting
 - Level 18.0 Axes
 + Level 16.2 Armour
 + Level 15.0 Dodging
 + Level 14.1 Shields
 + Level 8.1 Evocations


You had 16 spell levels left.
You didn't know any spells.
Your spell library was empty.

Dungeon Overview and Level Annotations

Branches:
Dungeon (15/15)            Temple (1/1) D:5            Lair (5/5) D:9
  Swamp (3/4) Lair:2        Snake (2/4) Lair:3        Slime (0/5) Lair:5
    Orc (2/2) D:12            Elf (0/3) Orc:2        Vaults (0/5) D:14
 Depths (0/4) D:15        Volcano (visited)

Altars:
Ashenzari
Cheibriados
Dithmenos
Fedhas
Hepliaklqana
Okawaru
Qazlal
Ru
Sif Muna
Trog
Xom
Yredelemnul
Jiyva

Shops:
D:1 :?   D:6 *==(   D:8 !   Orc:1 (   Orc:2 ?*:

Annotations:
Lair:3 2 transporters, Newt's ghost, journeyman DsGl
Lair:4 3 runed translucent doors, Pioth's ghost, journeyman MiFi
Swamp:2 Roxanne


Innate Abilities, Weirdness & Mutations

You have a pair of horns on your head.
You reflexively headbutt those who attack you in melee.


Message History

You furiously retaliate!
You headbutt the will-o-the-wisp, but do no damage.
You feel the corruption within you wane completely.
You feel healthier.
You feel clever.
Your Dodging skill increases to level 15!
You block the spriggan rider's attack. You block the goliath frog's attack.
The will-o-the-wisp barely misses you.
You see here an alligator corpse.
You block the goliath frog's attack.
The spriggan rider hits you from afar with a +0 spear.
The will-o-the-wisp gestures.
The will-o-the-wisp conjures some foxfire!
You block the goliath frog's attack. 2 foxfires come into view.
The swamp worm attacks as you move away!
The swamp worm completely misses you. You furiously retaliate!
You headbutt the swamp worm!
You enter the shallow water.
Moving in this stuff is going to be slow.
The foxfire hits you! The foxfire hits you!!
* * * LOW HITPOINT WARNING * * *
The swamp worm fires a harpoon shot at you.
You block the harpoon shot. The goliath frog misses you.
The will-o-the-wisp blinks!
The goliath frog hits you but does no damage.
The spriggan rider barely misses you. You block the swamp worm's attack.
The goliath frog hits you from afar!
* * * LOW HITPOINT WARNING * * *
You are splashed with acid.
* * * LOW HITPOINT WARNING * * *
You feel better.
The spriggan rider hits you but does no damage.
The will-o-the-wisp gestures.
The will-o-the-wisp conjures some foxfire!
You block the swamp worm's attack.
You block the goliath frog's attack. 2 foxfires come into view.
The swamp worm attacks as you move away!
The swamp worm bites you!
* * * LOW HITPOINT WARNING * * *
The foxfire hits you!!
You die...

~♣♣♣.~~~~ ~. ~~~~....~~~~♣
..♣♣.~~~~~~~~~.♣
~....~~~~~~~~~~♣♣ ♣
~~..~~....~~.~~~.♣♣♣♣♣♣♣♣
~..§§§.[§~...~~~.♣♣..♣♣~~
~.~v~.§~~.♣♣.~~~......♣♣.
♣.~§~~~v.♣ ♣~~~~.)~.♣.~♣~
...§§§v@♣♣♣~....~~).....
♣♣♣?§~§§§♣~^...~......♣.
♣♣.!~Fw~§.♣.♣♣§~~.......
♣~..)wi.§~.).♣.~~~~[..~~
♣~..)†.....~.♣♣♣.~~~~~~~
§~.~..####......♣♣.....~~~~
§~~..# ..##...~.♣♣~.~♣.~§§
....# .... #....♣♣♣♣♣♣♣♣~~~
(.. ..#. .#..♣♣ ♣~...


You could see a spriggan rider, a goliath frog, a will-o-the-wisp and 2 swamp
worms.

Vanquished Creatures
  A profane servitor (Abyss:3)
  Jorgrun (Swamp:2)
  A tentacled starspawn (Abyss:3)
  A thorn hunter (Swamp:2)
  A fenstrider witch (Swamp:1)
  A daeva (Abyss:3)
  Louise (Swamp:2)
  A stone giant (Volcano)
  A very ugly thing (Abyss:3)
  An eleionoma (Swamp:3)
  A bunyip (Swamp:1)
  A dire elephant (Lair:5)
  A ghost crab (Swamp:1)
  Fannar (D:10)
  A vault guard (D:14)
  7 hydras
  Erolcha (D:9)
  5 centaur warriors
  A death knight (D:14)
  A merfolk avatar (Lair:5)
  7 anacondas
  4 boulder beetles
  A catoblepas (Lair:5)
  3 two-headed ogres
  3 alligators (Swamp:3)
  4 death yaks (Lair:3)
  4 naga warriors (Snake:1)
  A thrashing horror (Abyss:3)
  3 orc high priests (Orc:2)
  2 tengu warriors (D:14)
  2 naga sharpshooters (Snake:2)
  A shock serpent (Snake:2)
  Urug (D:12)
  Sonja (Orc:1)
  Nergalle (D:12)
  A fire crab (Lair:4)
  6 goliath frogs
  2 spriggan druids (Swamp:3)
  A deep troll (Lair:1)
  2 naga ritualists (Snake:1)
  4 spectral boulder beetles (D:10)
  A necromancer (D:15)
  4 deep elf pyromancers
  5 mana vipers
  A deep elf zephyrmancer (D:15)
  An orc knight (Orc:1)
  An ugly thing (D:13)
  4 orc sorcerers
  3 cyclopes
  4 will-o-the-wisps
  2 manticores
  2 salamanders (Snake:1)
  A worldbinder (Abyss:3)
  8 elephants (Lair:5)
  A guardian serpent (Snake:1)
  2 centaur zombies (D:15)
  Joseph (D:7)
  15 black mambas
  7 naga magi
  Maggie (D:7)
  A molten gargoyle (Volcano)
  A smoke demon (Abyss:3)
  2 gargoyles (Volcano)
  7 rime drakes
  14 cane toads
  A kobold demonologist (D:10)
  Psyche (D:10)
  An unseen horror (D:12)
  A spectral unseen horror (D:10)
  2 redback zombies (D:15)
  6 komodo dragons
  3 freezing wraiths
  2 efreet
  2 unseen horror zombies (D:10)
  2 tengu conjurers (D:13)
  An unseen horror skeleton (D:10)
  A wind drake (Lair:5)
  3 burning bushes (Lair:1)
  A meliai (shapeshifter) (D:13)
  4 polar bears
  11 trolls
  4 hornets
  Grinder (D:6)
  An ancient zyme (Abyss:3)
  6 tyrant leeches
  7 blink frogs
  4 snapping turtles (Lair:5)
  6 dream sheep (Lair:4)
  Sigmund (D:4)
  4 large abominations
  A meliai zombie (D:10)
  11 slime creatures
  11 flying skulls (D:10)
  5 wyverns
  2 culicivoras (shapeshifter) (D:13)
  9 wraiths
  2 fire bats (Volcano)
  2 shadows (D:10)
  A ynoxinul (Abyss:3)
  5 spriggans (Swamp:3)
  A basilisk (D:14)
  23 yaks
  3 vampires
  Grum (D:10)
  3 fire elementals (Volcano)
  4 steam dragons
  10 humans (D:14)
  Menkaure (D:7)
  A neqoxec (Abyss:3)
  9 wargs
  16 nagas
  10 swamp worms
  14 vampire mosquitoes
  2 hell hounds (Orc:1)
  7 water moccasins
  3 black bears
  A swamp drake (Swamp:2)
  8 ice beasts
  15 orc warriors
  2 sky beasts
  2 boulder beetle simulacra (D:10)
  A black mamba simulacrum (D:10)
  9 ogres
  30 wolves
  3 phantoms (D:5)
  10 starcursed masses
  8 centaurs
  5 kobold brigands
  9 bullfrogs
  3 gnoll sergeants (D:8)
  4 small abominations (Abyss:3)
  6 howler monkeys
  8 electric eels
  4 lava snakes (Volcano)
  A quasit (Abyss:3)
  2 hounds
  2 jellies
  22 orc priests
  7 centaur skeletons
  A gnoll bouda (D:6)
  Natasha (thrice) (D:2)
  5 iguanas
  29 orc wizards
  A hell rat (D:10)
  11 adders
  7 gnolls
  A shadow imp (D:7)
  3 white imps
  2 worms
  4 dart slugs
  66 orcs
  7 bats
  7 endoplasms
  3 giant cockroaches
  5 goblins
  10 hobgoblins
  7 jackals
  7 quokkas
  6 ball pythons
  2 frilled lizards
  17 kobolds
  3 rats
  4 briar patches (Swamp:2)
  2 starspawn tentacles (Abyss:3)
781 creatures vanquished.

Vanquished Creatures (collateral kills)
  Rupert (D:12)
  Nessos (D:12)
  An anaconda (Snake:1)
  2 orc high priests (Orc:2)
  A naga ritualist (Snake:1)
  A salamander (Snake:1)
  2 black mambas (Snake:1)
  A troll (D:9)
  3 orc warriors (Orc:2)
  A gnoll sergeant (D:12)
  3 orc priests (Orc:2)
  2 orc wizards (Orc:2)
  3 gnolls (D:12)
  An orc (D:9)
23 creatures vanquished.

Vanquished Creatures (others)
  A vault guard (D:14)
  A sea snake (Lair:5)
  A hornet (Lair:5)
  A gnoll sergeant (D:9)
  A goblin (D:10)
  18 foxfires
  15 fungi
  A lurking horror (Abyss:3)
  21 plants
60 creatures vanquished.

Grand Total: 864 creatures vanquished

Notes
Turn   | Place    | Note
-------+----------+-------------------------------------------
     0 | D:1      | brightshaft the Minotaur Berserker began the quest for the
                  | Orb.
     0 | D:1      | Reached XP level 1. HP: 19/19 MP: 0/0
   210 | D:1      | Reached XP level 2. HP: 27/27 MP: 1/1
   560 | D:1      | Found Cufaitzu's Book Shop.
   576 | D:1      | Found Raam's Magic Scroll Shop.
   748 | D:1      | Reached skill level 4 in Fighting
   748 | D:1      | Reached XP level 3. HP: 33/33 MP: 2/2
  1127 | D:2      | Reached ** piety under Trog
  1158 | D:2      | Noticed Natasha
  1166 | D:2      | Killed Natasha
  1167 | D:2      | Reached XP level 4. HP: 36/40 MP: 3/3
  1245 | D:2      | Noticed Natasha
  1253 | D:2      | Killed Natasha
  1325 | D:2      | Reached skill level 5 in Axes
  1527 | D:2      | Noticed Natasha
  1539 | D:2      | Killed Natasha
  1540 | D:2      | Reached XP level 5. HP: 25/47 MP: 4/4
  2147 | D:3      | Found a shadowy altar of Dithmenos.
  2188 | D:3      | Found a shimmering altar of Xom.
  2693 | D:4      | Reached XP level 6. HP: 55/55 MP: 5/5
  2703 | D:4      | Reached skill level 5 in Fighting
  2968 | D:4      | Noticed Sigmund
  2974 | D:4      | Killed Sigmund
  3005 | D:4      | Reached XP level 7. HP: 61/61 MP: 6/6
  3200 | D:4      | Reached *** piety under Trog
  3353 | D:5      | Entered Level 5 of the Dungeon
  3433 | D:5      | Found a staircase to the Ecumenical Temple.
  3537 | D:5      | Reached skill level 5 in Armour
  3566 | D:5      | Found a hazy altar of Hepliaklqana.
  3570 | D:5      | Found a stormy altar of Qazlal.
  3572 | D:5      | Found a shimmering blue altar of Sif Muna.
  3650 | D:5      | Found a blossoming altar of Fedhas.
  3724 | D:5      | Reached skill level 6 in Fighting
  3781 | D:5      | Reached XP level 8. HP: 48/70 MP: 7/7
  3873 | D:5      | Reached skill level 5 in Dodging
  4390 | Temple   | Entered the Ecumenical Temple
  4457 | D:6      | Found Lufat's Jewellery Emporium.
  4568 | D:6      | Found Dunaonom's Assorted Antiques.
  4646 | D:6      | Reached skill level 7 in Fighting
  4688 | D:6      | Found Uziuck's Jewellery Shoppe.
  4762 | D:6      | Found Etomm's Antique Weapon Boutique.
  4770 | D:6      | Bought a warped hand axe for 216 gold pieces
  4770 | D:6      | Identified the +10 hand axe of Dissolution {freeze,
                  | *Corrode Str+5} (You bought it in a shop on level 6 of the
                  | Dungeon)
  4805 | D:6      | Found an iron altar of Okawaru.
  4841 | D:6      | Noticed Grinder
  4852 | D:6      | Killed Grinder
  4853 | D:6      | Reached XP level 9. HP: 75/79 MP: 8/8
  5054 | D:6      | Reached skill level 10 in Axes
  5324 | D:7      | Noticed Maggie
  5338 | D:7      | Killed Maggie
  5339 | D:7      | Reached skill level 8 in Fighting
  5930 | D:7      | Noticed Menkaure
  5936 | D:7      | Killed Menkaure
  5937 | D:7      | Reached skill level 9 in Fighting
  6045 | D:7      | Noticed Joseph
  6053 | D:7      | Killed Joseph
  6053 | D:7      | Reached **** piety under Trog
  6347 | D:8      | Found Susoj's Distillery.
  6350 | D:8      | Bought a potion of curing for 30 gold pieces
  6543 | D:8      | Reached XP level 10. HP: 93/93 MP: 9/9
  6645 | D:8      | Reached skill level 10 in Fighting
  7100 | D:9      | Reached skill level 1 in Shields
  7148 | D:9      | Found a broken altar of Ashenzari.
  7234 | D:9      | Noticed Erolcha
  7239 | D:9      | Reached skill level 11 in Fighting
  7256 | D:9      | Killed Erolcha
  7471 | D:9      | Noticed a centaur warrior
  7474 | D:9      | Killed a centaur warrior
  7537 | D:9      | Found a staircase to the Lair.
  7578 | Lair:1   | Entered Level 1 of the Lair of Beasts
  7588 | Lair:1   | Reached XP level 11. HP: 88/104 MP: 10/10
  7674 | Lair:1   | Reached ***** piety under Trog
  7678 | Lair:1   | Reached skill level 12 in Fighting
  8249 | Lair:1   | Noticed a deep troll
  8253 | Lair:1   | Killed a deep troll
  8254 | Lair:1   | Reached skill level 5 in Shields
  8703 | Lair:2   | Reached skill level 10 in Armour
  8714 | Lair:2   | Reached skill level 13 in Fighting
  8815 | Lair:2   | Found a staircase to the Swamp.
  9603 | Lair:3   | Noticed a spriggan rider
  9624 | Lair:3   | Found a bloodstained altar of Trog.
  9624 | Lair:3   | Noticed Newt's ghost (journeyman DsGl)
  9624 | Lair:3   | Noticed a spriggan rider
  9630 | Lair:3   | Noticed a death yak
  9630 | Lair:3   | Noticed a death yak
  9632 | Lair:3   | Noticed a death yak
  9632 | Lair:3   | Noticed a death yak
  9637 | Lair:3   | Killed a death yak
  9638 | Lair:3   | Reached XP level 12. HP: 116/116 MP: 11/11
  9638 | Lair:3   | Killed a death yak
  9642 | Lair:3   | Reached skill level 14 in Fighting
  9644 | Lair:3   | Killed a death yak
  9645 | Lair:3   | Reached skill level 10 in Dodging
  9646 | Lair:3   | Killed a death yak
  9670 | Lair:3   | Found a staircase to the Snake Pit.
  9730 | Lair:3   | Found a transporter.
  9803 | Lair:3   | Identified the +5 short sword of Noon {venom, Fly rElec rN+
                  | Stlth+}
 10019 | Lair:3   | Found a transporter.
 10427 | Lair:4   | Identified the +11 hand axe "Orb Guardian's Death" {heavy,
                  | *Rage +Blink rElec rC-} (Trog gifted it to you on level 4
                  | of the Lair of Beasts)
 10427 | Lair:4   | Received a gift from Trog
 10511 | Lair:4   | Noticed a six-headed hydra
 10518 | Lair:4   | Killed a two-headed hydra
 10537 | Lair:4   | Reached skill level 15 in Fighting
 11106 | Lair:4   | Reached skill level 15 in Axes
 11141 | Lair:4   | Found a runed translucent gate.
 11141 | Lair:4   | Found a runed translucent gate.
 11141 | Lair:4   | Found a runed translucent gate.
 11141 | Lair:4   | Noticed Pioth's ghost (journeyman MiFi)
 11613 | Lair:5   | Entered Level 5 of the Lair of Beasts
 11784 | Lair:5   | Reached XP level 13. HP: 112/127 MP: 12/12
 11784 | Lair:5   | Paralysed by a hornet for 1 turns
 11982 | Lair:5   | Noticed a dire elephant
 12010 | Lair:5   | Killed a dire elephant
 12203 | Lair:5   | Found the +13 scythe of Curses {drain, Drain}
 12215 | Lair:5   | Reached skill level 16 in Fighting
 12576 | Lair:5   | Received a gift from Trog
 12896 | Lair:5   | Found a staircase to the Slime Pits.
 12904 | Lair:5   | Found a viscous altar of Jiyva.
 13085 | Lair:5   | Found a snail-covered altar of Cheibriados.
 13935 | D:10     | Entered Level 10 of the Dungeon
 14020 | D:10     | Reached skill level 1 in Evocations
 14272 | D:10     | Noticed Fannar
 14304 | D:10     | Killed Fannar
 14305 | D:10     | Reached skill level 10 in Shields
 14356 | D:10     | Reached skill level 17 in Fighting
 14576 | D:10     | Reached XP level 14. HP: 140/140 MP: 13/13
 14607 | D:10     | Found a basalt altar of Yredelemnul.
 14765 | D:10     | Noticed Grum
 14778 | D:10     | Killed Grum
 15036 | D:10     | Noticed Psyche
 15044 | D:10     | Received a gift from Trog
 15055 | D:10     | Killed Psyche
 15464 | D:10     | Reached XP level 15. HP: 148/148 MP: 14/14
 15584 | D:11     | You fall into a shaft and drop 3 floors!
 16121 | D:12     | Noticed Nessos
 16146 | D:12     | Killed Nessos
 16546 | D:11     | Identified the +0 cloak "Feqiost" {Str+4}
 17033 | D:12     | Noticed Rupert
 17041 | D:12     | Killed Rupert
 17051 | D:12     | Noticed Urug
 17189 | D:12     | Killed Urug
 17290 | D:12     | Found a staircase to the Orcish Mines.
 17519 | D:12     | Noticed Nergalle
 17529 | D:12     | Killed Nergalle
 17739 | D:13     | Reached skill level 18 in Fighting
 18126 | D:13     | Received a gift from Trog
 18948 | D:14     | Identified the +6 arbalest "Jelly's Foe" {freeze, Dex+6}
 19023 | D:14     | Found a gate to the Vaults.
 19061 | D:14     | Reached skill level 5 in Evocations
 19175 | D:15     | Entered Level 15 of the Dungeon
 19424 | D:15     | Found a staircase to the Depths.
 19819 | Orc:1    | Entered Level 1 of the Orcish Mines
 19957 | Orc:1    | Noticed Sonja
 19962 | Orc:1    | Killed Sonja
 19973 | Orc:1    | Found Lynafoda's Antique Weapon Emporium.
 20081 | Orc:1    | Reached XP level 16. HP: 159/159 MP: 15/15
 20243 | Orc:1    | Received a gift from Trog
 20423 | Orc:1    | Found a dark tunnel.
 20434 | Volcano  | Entered a volcano
 20844 | Volcano  | Found a radiant altar of Vehumet.
 21263 | Orc:2    | Entered Level 2 of the Orcish Mines
 21385 | Orc:2    | Found Oqian's Magic Scroll Boutique.
 21385 | Orc:2    | Found Qaaqah's Assorted Antiques.
 21387 | Orc:2    | Found Nystreseo's Book Shop.
 21401 | Orc:2    | Found Notugut's Distillery.
 21404 | Orc:2    | Bought a scroll of acquirement for 780 gold pieces
 21645 | Orc:2    | Found a staircase to the Elven Halls.
 22321 | Snake:1  | Entered Level 1 of the Snake Pit
 22540 | Snake:1  | Reached skill level 15 in Armour
 22545 | Snake:1  | Acquired 593 gold pieces
 22861 | Snake:1  | Found a sacrificial altar of Ru.
 23194 | Snake:1  | Received a gift from Trog
 23239 | Snake:1  | Reached skill level 19 in Fighting
 24153 | Swamp:1  | Entered Level 1 of the Swamp
 24963 | Swamp:2  | Noticed Jorgrun
 24977 | Swamp:2  | Killed Jorgrun
 25073 | Swamp:2  | Noticed a thorn hunter
 25085 | Swamp:2  | Killed a thorn hunter
 25188 | Swamp:2  | Identified Roxanne's Spellbook of Moulding
 25188 | Swamp:2  | Noticed Roxanne
 25618 | Swamp:2  | Noticed Louise
 25621 | Abyss:3  | Cast into level 3 of the Abyss (Louise)
 25634 | Abyss:3  | Noticed a tentacled starspawn
 25643 | Abyss:3  | Killed a tentacled starspawn
 25644 | Abyss:3  | Reached XP level 17. HP: 163/168 MP: 16/16
 25691 | Abyss:3  | Found a corrupted altar of Lugonu.
 25746 | Abyss:3  | Noticed a profane servitor
 25769 | Abyss:3  | Killed a profane servitor
 25782 | Abyss:3  | Identified the +2 war axe "Wilautaw" {flame, Stlth+} (Trog
                  | gifted it to you on level 3 of the Abyss)
 25782 | Abyss:3  | Received a gift from Trog
 25972 | Abyss:3  | Found a corrupted altar of Lugonu.
 26075 | Abyss:3  | Paralysed by accursed screaming for 1 turns
 26082 | Abyss:3  | Lost intelligence.
 26088 | Swamp:2  | Escaped the Abyss
 26101 | Swamp:2  | Killed Louise
 27040 | Swamp:3  | Reached skill level 15 in Dodging
 27045 | Swamp:3  | Killed from afar by a will-o-the-wisp

Illustrated notes

Levels and vault maps discovered:
D:1:      sevenhm_arrival_forest_fort_large_4, layout_loops_ring, serial_shops,
          nicolae_shop_window_shopping, shop
D:2:      layout_basic, hangedman_abyss_or_decor_lesser_grid, uniq_natasha
D:3:      layout_basic, xom_butterflies,
          nicolae_dithmenos_through_a_glass_darkly, minmay_tree_intersection
D:4:      layout_basic, chequers_garden, uniq_sigmund
D:5:      layout_basic, minitemple, minmay_temple_entry_waves, minivault_25
D:6:      layout_basic, lemuel_tele_altar, serial_shops, nicolae_stop_n_shop_1,
          shop, nicolae_shop_hallway_stairs, shop, minmay_manual_mail,
          uniq_grinder
D:7:      nicolae_cairo_tiling_large, layout_loops_corners,
          chequers_serial_rivers_marsh, uniq_menkaure, uniq_maggie, uniq_joseph
D:8:      minmay_s_stair_smasher, layout_rooms, serial_shops,
          nicolae_stop_n_shop_1
D:9:      statuecave_lemuel, layout_rooms, mainiacjoe_overflow_brackets,
          hellmonk_lair_entry_icy, kennysheep_just_a_vault, uniq_erolcha
D:10:     lemuel_vampire_tower, layout_cave_pods, enter_bailey_3, uniq_grum,
          uniq_fannar, uniq_psyche
D:11:     layout_roguey, fountainhead
D:12:     layout_small_grid, orc_0_dummy, hangedman_abyss_or_decor_clamps,
          grunt_ministairs_6, uniq_urug, uniq_rupert, uniq_nessos, uniq_nergalle
D:13:     layout_basic
D:14:     layout_irregular_city, ximxim_vaults_locker_room,
          hangedman_decor_peaks_small
D:15:     grunt_enter_depths_magical_seal, layout_loops_cross,
          dreamdust_mushroom_princess, uniq_agnes
Temple:   nicolae_temple_bog_church
Lair:1:   dreamdust_cave_troll, layout_hall_layers,
          chequers_serial_rivers_micro_e, evilmike_ambush
          [evilmike_ambush_outer_basic, evilmike_ambush_inner_basic],
          grunt_megastairs_2
Lair:2:   layout_regular_city, minmay_swamp_entry_worms
Lair:3:   layout_gridlike, minmay_snake_entry_guardpost_small,
          gammafunk_ghost_wrathful_warriors
Lair:4:   layout_regular_city, gammafunk_ghost_necromancy,
          chequers_serial_rivers_micro_a, grunt_forest_large_clearings,
          lemuel_fruit_tree
Lair:5:   gammafunk_lair_ancient_temple, layout_regular_city, slime_entry_1,
          gauntlet_entry_generic, lemuel_centaur_altar, serial_bayou_shore_a,
          serial_bayou_shore_b, lemuel_fruit_fields, serial_bayou_shore_b
Swamp:1:  layout_falls_marsh, evilmike_swamp_ruin_house_6, swamp_pool1
Swamp:2:  layout_basic_swamp, nicolae_swamp_tree_isthmus, swamp_pool1,
          nicolae_swamp_feature_on_the_river_bank, uniq_jorgrun, uniq_louise,
          uniq_roxanne
Swamp:3:  layout_basic_swamp, evilmike_swamp_ruin_house_3, uniq_nikola
Snake:1:  layout_misc_corridors, basic_altar
Snake:2:  layout_basic, ebering_ghost_xom, serial_bayou_shore_b, uniq_aizul,
          uniq_frances
Orc:1:    nicolae_orc_accident_3, layout_caves, serial_shops, shop,
          enter_volcano_3, uniq_sonja
Orc:2:    st_orc_mages, layout_caves, guppyfry_library_mini

Skill      XL: |  1  2  3  4  5  6  7  8  9 10 11 12 13 14 15 16 17 |
---------------+----------------------------------------------------+-----
Axes           | 4 5 6 8 9 11 13 14 15 16 17 18 | 18.0
Fighting       | 4 5 6 7 9 11 13 15 17 18 19 | 19.7
Armour         | 3 4 5 6 8 9 10 11 12 13 14 15 16 | 16.2
Dodging        | 3 4 6 7 8 9 11 12 13 14 15 | 15.0
Shields        | 3 6 8 10 12 13 14 | 14.1
Evocations     | 1 3 5 7 8 |  8.1

Action                   |  1- 3 |  4- 6 |  7- 9 | 10-12 | 13-15 | 16-18 || total
-------------------------+-------+-------+-------+-------+-------+-------++-------
Melee: Hand axe          |    97 |   119 |   169 |   277 |     6 |     4 ||   672
       Headbutt          |     8 |    20 |    22 |    80 |   142 |   110 ||   382
       Punch             |       |     1 |       |     1 |       |       ||     2
       Broad axe         |       |       |       |    90 |   621 |   516 ||  1227
       Unarmed           |       |       |       |       |    21 |       ||    21
Throw: Boomerang         |     8 |       |     3 |       |     5 |       ||    16
Invok: Trog's Hand       |       |     1 |     3 |     1 |     3 |     7 ||    15
       Berserk           |       |       |     2 |     2 |     5 |     6 ||    15
       Brothers in Arms  |       |       |       |       |     3 |     4 ||     7
Evoke: Wand              |       |       |       |       |    21 |    11 ||    32
  Use: Scroll            |     2 |     6 |    12 |    16 |     4 |     1 ||    41
       Potion            |       |       |       |       |     4 |     4 ||     8
 Stab: Distracted        |       |       |       |       |     1 |     1 ||     2
Armor: Animal skin       |     4 |       |       |       |       |       ||     4
       Scale mail        |    60 |    37 |    36 |    27 |       |       ||   160
       Chain mail        |       |     2 |       |       |       |    33 ||    35
       Plate armour      |       |       |       |    89 |   220 |   166 ||   475
Dodge: Dodged            |    54 |    56 |   109 |   177 |   442 |   295 ||  1133
Block: Kite shield       |       |       |       |   139 |   308 |    56 ||   503
       Tower shield      |       |       |       |       |       |   375 ||   375

Table legend: (Time is in decaauts)
 A = Elapsed time spent in this place.
 B = Non-inter-level travel time spent in this place.
 C = Inter-level travel time spent in this place.
 D = Time resting spent in this place.
 E = Time spent auto-exploring this place.
 F = Levels seen in this place.
 G = Mean time per level.
                   A        B        C        D        E       F      G
               +--------+--------+--------+--------+--------+-----+--------+
         Total |  27657 |  26494 |   1163 |      0 |  21344 |  30 |  921.9 |
       Dungeon |  13962 |  13404 |    558 |      0 |  10956 |  15 |  930.8 |
        Temple |      1 |      1 |      0 |      0 |      0 |   1 |    1.0 |
          Lair |   6142 |   5767 |    375 |      0 |   4880 |   5 | 1228.4 |
         Swamp |   2983 |   2928 |     55 |      0 |   2088 |   3 |  994.3 |
     Snake Pit |   1787 |   1748 |     39 |      0 |   1420 |   2 |  893.5 |
  Orcish Mines |   1539 |   1404 |    135 |      0 |   1133 |   2 |  769.5 |
         Abyss |    482 |    482 |      0 |      0 |    270 |   1 |  482.0 |
       Volcano |    758 |    758 |      0 |      0 |    596 |   1 |  758.0 |
               +--------+--------+--------+--------+--------+-----+--------+

Top non-repeatable levels by time:
 Swamp:2: 1727 daAuts
  Lair:5: 1708 daAuts
    D:10: 1567 daAuts
 Snake:1: 1457 daAuts
  Lair:4: 1261 daAuts
  Lair:3: 1164 daAuts
    D:12: 1098 daAuts
  Lair:2: 1090 daAuts
    D:13: 1080 daAuts
    D:14: 1067 daAuts
     D:5: 1061 daAuts
     D:7: 1051 daAuts
     D:3: 949 daAuts
     D:9: 930 daAuts
     D:1: 924 daAuts
